 Dungeon Crawl Stone Soup version 0.30-a0-457-g4b7bca3bfa (webtiles) character file.

Game seed: 1089913471908400701

63 zishaf the Gusty (level 4, 0/26 HPs)
             Began as a Tengu Air Elementalist on Dec 13, 2022.
             Slain by a centaur (3 damage)
             ... on level 4 of the Dungeon.
             The game lasted 00:03:16 (2523 turns).

zishaf the Gusty (Tengu Air Elementalist)           Turns: 2523, Time: 00:03:17

Health: 0/26       AC:  2    Str: 14    XL:     4   Next: 9%
Magic:  8/8        EV: 12    Int: 22    God:
Gold:   129        SH:  0    Dex: 16    Spells: 4/7 levels left

rFire   . . .      SeeInvis .    a - +9 quarterstaff of Voxuikel {freeze, rElec Int+4}
rCold   + . .      Faith    .    (shield currently unavailable)
rNeg    . . .      Spirit   .    j - +0 robe
rPois   .          Reflect  .    (helmet restricted)
rElec   +          Harm     .    (no cloak)
rCorr   .          Rampage  .    (no gloves)
Will    .....                    (boots unavailable)
Stlth   +++.......               m - amulet of regeneration
HPRegen 1.04/turn                i - +6 ring of strength
MPRegen 0.11/turn                (no ring)

@: no status effects
A: beak, talons 3, thin skeletal structure 1, cold resistance 1
a: no special abilities


You were on level 4 of the Dungeon.
You visited 1 branch of the dungeon, and saw 4 of its levels.

You collected 129 gold pieces.

Inventory:

Hand Weapons
 a - the +9 quarterstaff of Voxuikel (weapon) {freeze, rElec Int+4}
   (You found it on level 2 of the Dungeon)

   It freezes those it strikes, dealing additional cold damage.
   It can also slow down cold-blooded creatures.
   Int:       It affects your intelligence (+4).
   rElec:     It insulates you from electricity.
Armour
 j - a +0 robe (worn)
Magical Staves
 b - a staff of conjuration
Jewellery
 i - a +6 ring of strength (left hand)
 m - an amulet of regeneration (around neck)
Scrolls
 h - 3 scrolls of teleportation
Potions
 c - a potion of invisibility {unknown}
 e - 2 potions of mutation
 g - 6 potions of curing
 l - a potion of attraction {unknown}
 o - a potion of magic


   Skills:
 + Level 1.8 Fighting
 - Level 2.1 Dodging
 - Level 2.0 Stealth
 - Level 2.0 Spellcasting
 + Level 3.1 Conjurations
 + Level 4.9 Air Magic


You had 4 spell levels left.
You knew the following spells:

 Your Spells              Type           Power      Damage    Failure   Level
a - Shock                 Conj/Air       80%        1d8       2%          1
A - Static Discharge      Conj/Air       40%        2-4/arc   4%          2

Your spell library contained the following spells:

 Spells                   Type           Power      Damage    Failure   Level
 Swiftness                Air            24%        N/A       5%          3
 Cigotuvi's Dreadful Rot  Necr/Pois/Air  18%        N/A       11%         2
 Summon Small Mammal      Summ           8%         N/A       14%         1
 Airstrike                Air            12%        2d(2-18)  19%         4
 Kindle Blastsparks       Fire/Tloc/Air  18%        2d11      22%         3
 Call Canine Familiar     Summ           2%         N/A       38%         3
 Summon Guardian Golem    Hex/Summ       2%         N/A       38%         3
 Fulminant Prism          Conj/Hex       4%         3d5       58%         4
 Iskenderun's Mystic Bla  Conj/Tloc      9%         2d4       58%         4
 Dispel Undead            Necr           2%         3d7       80%         4
 Lee's Rapid Deconstruct  Erth           1%         3d4*      98%         5
 Death Channel            Necr           1%         N/A       100%        6


Dungeon Overview and Level Annotations

Branches:
Dungeon (4/15)
 Temple: D:4-7

Altars:

Shops:
D:2 [


Innate Abilities, Weirdness & Mutations

You have a beak for a mouth.
You have claws for feet.
You have a somewhat thin skeletal structure. (Dex +2, Stealth+)
Your flesh is cold resistant. (rC+)


Message History

As you read the scroll labelled AFANEM JAESHE, it crumbles to dust.
It is a scroll of identify.
g - 6 potions of curing
As you read the scroll of identify, it crumbles to dust.
e - 3 potions of mutation
As you read the scroll labelled UXIUHA MADAO, it crumbles to dust.
It is a scroll of enchant weapon.
You aren't carrying any weapons that can be enchanted.
As you read the scroll labelled KOGUHE UKABA, it crumbles to dust.
You assume a fearsome visage.
Nothing appears to happen.
It was a scroll of fear.
As you read the scroll labelled GOASIG MISHROD, it crumbles to dust.
The scroll dissolves into smoke.
It was a scroll of fog.
Okay, then.
Okay, then.
Really quaff the potion of mutation?
You feel extremely strange.
Your bones become slightly less dense.
You feel resistant to cold.
c - a cyan potion A centaur comes into view.
Found a scroll labelled ELEWNY GOFEREM.
The centaur shouts!
You hear a shout!
A kobold comes into view.
It is wielding a +0 dagger and quivering poisoned darts.
The centaur wields a +0 shortbow.
The centaur shoots an arrow.
The arrow hits you!
The centaur unwields a +0 shortbow.
The centaur hits you.
The centaur kicks you but does no damage.
You completely miss the centaur. Your kick misses the centaur.
The centaur hits you. The centaur closely misses you. The centaur hits you.
The centaur kicks you.
* * * LOW HITPOINT WARNING * * *
You are too injured to fight recklessly!
You sock the centaur! You freeze the centaur. Your kick misses the centaur.
The centaur is heavily wounded.
The centaur hits you.
* * * LOW HITPOINT WARNING * * *
The centaur kicks you but does no damage.
The centaur hits you but does no damage.
The centaur kicks you.
You die...

#.. #
##..###########§#
#......#..§.§§§§#
#......#..§.§§§§#
#......#..§§§§§§#
#......#..§§..§§#
#......#..§....§#
###..#..#§.####+#
#.@#######
......c?.#
....K....#
##..##..## #..
#### ... ..


You could see a centaur and a kobold.

Vanquished Creatures
  An adder (D:3)
  A worm (D:2)
  A dart slug (D:3)
  10 ball pythons
  4 bats
  8 endoplasms
  2 giant cockroaches (D:1)
  3 goblins
  A hobgoblin (D:3)
  5 kobolds
  2 quokkas (D:1)
  A frilled lizard (D:1)
  7 rats
46 creatures vanquished.

Notes
Turn   | Place    | Note
-------+----------+-------------------------------------------
     0 | D:1      | zishaf the Tengu Air Elementalist began the quest for the
                  | Orb.
     0 | D:1      | Reached XP level 1. HP: 10/10 MP: 4/4
   167 | D:1      | Reached XP level 2. HP: 16/16 MP: 4/6
   269 | D:1      | Learned a level 2 spell: Static Discharge
   310 | D:1      | Reached skill level 1 in Fighting
   653 | D:1      | Reached XP level 3. HP: 20/20 MP: 4/7
  1132 | D:2      | Identified the +9 quarterstaff of Voxuikel {freeze, rElec
                  | Int+4}
  1367 | D:2      | Found Quenni's Armour Shop.
  2289 | D:3      | Reached XP level 4. HP: 26/26 MP: 8/8
  2509 | D:4      | Gained mutation: You have a somewhat thin skeletal
                  | structure. (Dex +2, Stealth+) [potion of mutation]
  2509 | D:4      | Gained mutation: Your flesh is cold resistant. (rC+)
                  | [potion of mutation]
  2519 | D:4      | Noticed a centaur
  2523 | D:4      | Slain by a centaur

Illustrated notes

Levels and vault maps discovered:
D:1:      scummos_arrival_simple_fountains, layout_rooms,
          kennysheep_decorative_pillar
D:2:      layout_basic, serial_shops, nicolae_square_shop
D:3:      layout_loops_corners, serial_park_tiny_2
D:4:      layout_gridville, nicolae_hepliaklqana_hippocampus

Skill      XL: |  1  2  3 |
---------------+----------+-----
Conjurations   | 2 3 |  3.1
Fighting       | 1 |  1.8
Dodging        | |  2.1
Stealth        | |  2.0
Spellcasting   | |  2.0
Air Magic      | |  4.9

Action                   |  1- 3 |  4- 6 || total
-------------------------+-------+-------++-------
Melee: Unarmed           |     2 |       ||     2
       Kick              |     1 |       ||     1
       Quarterstaff      |    17 |     5 ||    22
       Dagger            |     4 |       ||     4
       Peck              |     1 |       ||     1
 Cast: Shock             |    58 |       ||    58
  Use: Scroll            |       |     6 ||     6
       Potion            |       |     1 ||     1
 Stab: Sleeping          |     4 |     1 ||     5
Armor: Robe              |     5 |     3 ||     8
Dodge: Dodged            |    12 |     3 ||    15

Table legend: (Time is in decaauts)
 A = Elapsed time spent in this place.
 B = Non-inter-level travel time spent in this place.
 C = Inter-level travel time spent in this place.
 D = Time resting spent in this place.
 E = Time spent auto-exploring this place.
 F = Levels seen in this place.
 G = Mean time per level.
                   A        B        C        D        E       F      G
               +--------+--------+--------+--------+--------+-----+--------+
         Total |   2527 |   2407 |    120 |     27 |   2113 |   4 |  631.8 |
       Dungeon |   2527 |   2407 |    120 |     27 |   2113 |   4 |  631.8 |
               +--------+--------+--------+--------+--------+-----+--------+

Top non-repeatable levels by time:
     D:1: 953 daAuts
     D:3: 811 daAuts
     D:2: 740 daAuts
     D:4: 22 daAuts
